 Dungeon Crawl Stone Soup version 0.31-a0-640-g39d97e502b (webtiles) character file.

Game seed: 611104331644399907

31063 scionoferis the Thaumaturge (level 13, -2/96 HPs)
             Began as a Djinni Conjurer on Aug 29, 2023.
             Was a High Priest of Makhleb.
             Slain by a skeletal warrior
             ... wielding a +2 halberd of flaming
              (24 damage)
             ... in a volcano.
             The game lasted 00:59:43 (13216 turns).

scionoferis the Thaumaturge (Djinni Conjurer)      Turns: 13216, Time: 00:59:44

Health: -2/96      AC:  6    Str:  6    XL:     13   Next: 93%
Gold:   1181       EV: 19    Int: 24    God:    Makhleb [*****.] SH:  5 Dex: 13

rFire   + + +        b - +0 sling
rCold   . . .        g - +0 buckler
rNeg    . . .        L - +2 troll leather armour {Snorg}
rPois   ∞            r - +0 helmet
rElec   .            (no cloak)
rCorr   .            (no gloves)
SInv    .            (boots unavailable)
Will    +....        M - amulet of regeneration
Stlth   ++++         x - ring of protection from cold
HPRegen 1.96/turn    S - +5 ring of evasion
MPRegen 0.00/turn

%: infuse magic (-3 HP)
@: flying, very slightly contaminated
A: sickness immunity, fire resistance 3, cold vulnerability 1, float, innate
caster, HP casting, extra vitality 1, camouflage 1
a: Renounce Religion, Minor Destruction, Lesser Servant of Makhleb, Major
Destruction, Greater Servant of Makhleb


You were in a volcano.
You worshipped Makhleb.
Makhleb was extremely pleased with you.
You visited 3 branches of the dungeon, and saw 14 of its levels.
You also visited: Bailey and Volcano.

You collected 1241 gold pieces.
You spent 60 gold pieces at shops.


Innate Abilities, Weirdness & Mutations

You are immune to sickness and miasma.
You are immune to poison.
Your flesh is almost immune to the effects of heat. (rF+++)
You are vulnerable to cold. (rC-)
You float through the air rather than walking.
You learn spells naturally, not from books.
Your magical power is your life essence.
You have superior vitality. (+4 MHP)
Your skin changes colour to match your surroundings (Stealth+).


   Skills:
 - Level 10.0 Fighting
 + Level 2.6 Armour
 - Level 10.0 Dodging
 - Level 5.0 Stealth
 - Level 5.0 Shields
 * Level 12.8 Spellcasting
 * Level 12.8 Conjurations
 * Level 12.8 Hexes
   Level 0.0 Charms
 * Level 12.8 Summonings
 * Level 12.8 Necromancy
 * Level 12.8 Translocations
 * Level 12.8 Transmutations
 * Level 12.8 Fire Magic
 * Level 12.8 Ice Magic
 * Level 12.8 Air Magic
 * Level 12.8 Earth Magic
 * Level 12.8 Poison Magic
 + Level 5.9 Evocations


You knew the following spells:

 Your Spells              Type           Power      Damage    Failure   Level
a - Magic Dart            Conj           100%       1d8       1%          1
b - Searing Ray           Conj           100%       2d8       1%          2
c - Dazzling Flash        Conj/Hex       100%       N/A       1%          3
d - Fulminant Prism       Conj/Hex       33%        3d15      1%          4
e - Iskenderun's Mystic   Conj/Tloc      67%        2d14      1%          4
f - Summon Small Mammal   Summ           100%       N/A       1%          1
g - Wereblood             Tmut           67%        N/A       1%          2
h - Blink                 Tloc           100%       N/A       1%          2
i - Call Canine Familiar  Summ           67%        N/A       1%          3
j - Iskenderun's Battles  Conj           67%        2d12      1%          5
k - Silence               Hex/Air        33%        N/A       1%          5
Your spell library was empty.

Inventory:

Hand Weapons
 a - a +5 scimitar
   (You took it off a wight on level 8 of the Dungeon)
 b - a +0 sling (weapon)
   (You found it on level 2 of the Dungeon)
 c - a +2 halberd of flaming
   (You took it off a skeletal warrior in a volcano)
 d - a +2 dagger of draining
   (You took it off a kobold on level 8 of the Dungeon)
 e - a +1 bardiche of flaming
   (You found it in a volcano)
 s - a +2 battleaxe of flaming
   (You found it in a volcano)
Missiles
 f - 56 poisoned darts
 v - a throwing net
 N - 7 curare-tipped darts
Armour
 g - a +0 buckler (worn)
   (You found it on level 5 of the Dungeon)
 r - a +0 helmet (worn)
   (You took it off Robin on level 4 of the Dungeon)
 L - a +2 troll leather armour (worn) {Snorg}
   (You found it on level 12 of the Dungeon)
Jewellery
 o - a ring of see invisible
   (You found it on level 3 of the Dungeon)
 x - a ring of protection from cold (left hand)
   (You found it on level 6 of the Dungeon)
 M - an amulet of regeneration (around neck)
   (You found it on level 9 of the Dungeon)
 S - a +5 ring of evasion (right hand)
   (You found it on level 12 of the Dungeon)
 T - the ring of Xom's Capriciousness {Ice Will+ Stlth+}
   (You found it on level 12 of the Dungeon)

   [ring of ice]

   Ice:       It enhances your ice magic.
   rF-:       It makes you vulnerable to fire.
   rC+:       It protects you from cold.
   Will+:     It increases your willpower.
   Stlth+:    It makes you more stealthy.
Wands
 G - a wand of roots (8)
   (You took it off Maggie on level 7 of the Dungeon)
 K - a wand of flame (36)
   (You found it on level 8 of the Dungeon)
 Q - a wand of quicksilver (5)
   (You found it on level 9 of the Dungeon)
Scrolls
 h - 6 scrolls of teleportation
 i - a scroll of poison
 l - a scroll of enchant weapon {unknown}
 m - a scroll of noise {unknown}
 n - a scroll of summoning
 q - a scroll of fog
 w - 4 scrolls of blinking
 F - 2 scrolls of fear {unknown}
 P - 2 scrolls of revelation {unknown}
Potions
 j - 6 potions of curing {unknown}
 k - 2 potions of might {unknown}
 p - 2 potions of mutation
 B - 3 potions of heal wounds
 C - 5 potions of haste {unknown}
 O - 3 potions of enlightenment {unknown}
Miscellaneous
 W - a condenser vane
   (You found it on level 12 of the Dungeon)
 X - a sack of spiders
   (You found it on level 12 of the Dungeon)

Dungeon Overview and Level Annotations

Branches:
Dungeon (12/15)            Temple (1/1) D:4            Lair (1/5) D:9
    Orc (0/2) D:9          Bailey (visited)         Volcano (1/1)

Altars:
Ashenzari
Cheibriados
Dithmenos
Elyvilon
Fedhas
Gozag
Hepliaklqana
Makhleb
Nemelex Xobeh
Okawaru
Qazlal
Ru
Trog
Uskayaw
Wu Jian
Xom
Yredelemnul
Zin
The Shining One

Shops:
D:4 (   D:6 !

Annotations:
D:6 dig for loot

#####################
#..9...#...'...##...#
#ZZ#..z'@..#...##...#
####'#...#...#...##...#
#.'.9###########.##.###
###Z9'.'.^z!!! #.##.#
#'#######!.[##.##.## #
#.
+...#####......######
#.
#................##.#
#.
#...#####.#..#.###§≈.
## ##### #......))....


You could see a skeletal warrior and a gargoyle.


Message History

You now have 762 gold pieces (gained 14).
You now have 784 gold pieces (gained 22).
You now have 802 gold pieces (gained 18).
You now have 817 gold pieces (gained 15).
You now have 838 gold pieces (gained 21).
You now have 850 gold pieces (gained 12).
You now have 868 gold pieces (gained 18).
You now have 879 gold pieces (gained 11).
You now have 883 gold pieces (gained 4).
You now have 895 gold pieces (gained 12).
You now have 912 gold pieces (gained 17).
You now have 930 gold pieces (gained 18).
You reach down and open the door.
There is an open door here.
There is an open door here.
There is an open door here.
T - the ring of Xom's Capriciousness {Ice Will+ Stlth+}
Items here: ))) : [ }}.
You're wearing all the rings you can.
Remove which one? (? for menu, Esc to cancel) < or
S - a +5 ring of evasion; > or
x - a ring of protection from cold You remove your +5 ring of evasion.
You feel more attuned to ice.
T - the ring of Xom's Capriciousness (left hand) {Ice Will+ Stlth+}
There is an open door here.
There is an open door here.
A cyclops comes into view.
Casting: Call Canine Familiar (safe; 1% risk of failure)
Confirm with . or Enter, or press ? or * to list all spells.
Aiming: Fulminant Prism (mildly dangerous; 1% risk of failure)
Press: ? - help, Dir - move target You conjure a prism of explosive energy!
The cyclops shouts!
A fulminant prism comes into view.
Your fulminant prism crackles loudly.
The cyclops throws a large rock.
The large rock hits you!!
Your fulminant prism explodes!
The blast of energy engulfs the cyclops!!
The cyclops is severely wounded.
Casting: Fulminant Prism (mildly dangerous; 1% risk of failure)
Confirm with . or Enter, or press ? or * to list all spells.
You erupt in a blast of force!
The mystic blast hits the cyclops!!
The cyclops is almost dead.
The cyclops is knocked back by the mystic blast.
Unknown command.
Casting: Iskenderun's Mystic Blast (mildly dangerous; 1% risk of failure)
Confirm with . or Enter, or press ? or * to list all spells.
Aiming: Fulminant Prism (mildly dangerous; 1% risk of failure)
Press: ? - help, Dir - move target You conjure a prism of explosive energy!
A fulminant prism comes into view.
The cyclops throws a large rock.
The large rock barely misses you.
Your fulminant prism crackles loudly.
Your fulminant prism explodes!
The blast of energy engulfs the cyclops!!
You kill the cyclops!
Makhleb accepts your kill.
You feel better.
You see here 6 large rocks.
There is an open door here.
You reach down and open the door.
There is an open door here.
A basilisk comes into view.
There is an open door here.
You shoot a sling bullet.
The sling bullet barely misses the basilisk.
The basilisk hisses angrily.
The basilisk gazes at you. You resist with almost no effort.
Casting: Fulminant Prism (mildly dangerous; 1% risk of failure)
Confirm with . or Enter, or press ? or * to list all spells.
Aiming: Fulminant Prism (mildly dangerous; 1% risk of failure)
Press: ? - help, Dir - move target
Okay, then.
Casting: Fulminant Prism (mildly dangerous; 1% risk of failure)
Confirm with . or Enter, or press ? or * to list all spells.
Aiming: Fulminant Prism (mildly dangerous; 1% risk of failure)
Press: ? - help, Dir - move target You conjure a prism of explosive energy!
A fulminant prism comes into view.
Your fulminant prism crackles loudly.
Your fulminant prism explodes!
Casting: Fulminant Prism (mildly dangerous; 1% risk of failure)
Confirm with . or Enter, or press ? or * to list all spells.
Aiming: Fulminant Prism (mildly dangerous; 1% risk of failure)
Press: ? - help, Dir - move target You conjure a prism of explosive energy!
A fulminant prism comes into view.
Your fulminant prism crackles loudly.
Casting: Fulminant Prism (mildly dangerous; 1% risk of failure)
Confirm with . or Enter, or press ? or * to list all spells.
You erupt in a blast of force!
The mystic blast hits the basilisk!
You kill the basilisk!
Makhleb accepts your kill.
You feel better.
Your fulminant prism explodes!
There is an open door here.
You see here a basilisk corpse.
You see here a +0 falchion.
You reach down and open the door.
There is an open door here.
There is an open door here.
You reach down and open the door.
There is an open door here.
You see here 4 stones.
You reach down and open the door.
Found 7 stones.
Found a stone staircase leading down.
There is an open door here.
Done exploring.
Search for what [Enter for "troll", or ? for help]? d:12
There is an open door here.
There is an open door here.
There is an open door here.
There is an open door here.
Items here: ))) : [ }}.
U - a +8 great sword of holy wrath;
V - a +4 rapier of holy wrath
W - a condenser vane;
X - a sack of spiders Unknown command.
Done exploring.
Search for what [Enter for "d:12", or ? for help]? lar Unknown command.
Search for what [Enter for "lar", or ? for help]? lair
There is an open door here.
There is an open door here.
There is an open door here.
There is an open door here.
There is an open door here.
There is an open door here.
There is a stone staircase leading up here.
You fly upwards.
There is a stone staircase leading down here.
There is an open door here.
There is a stone staircase leading up here.
You fly upwards.
There is a stone staircase leading down here.
You see here a +0 dagger.
There is a stone staircase leading up here.
You fly upwards.
There is a stone staircase leading down here.
There is an open door here.
There is a staircase to the Lair here.
Items here: % ))) = ?.
You drop a staff of death.
You drop +0 steam dragon scales.
You drop a +1 robe of cold resistance.
You drop a +8 great sword of holy wrath.
You drop a +4 rapier of holy wrath.
Unknown command.
There is a staircase to the Lair here.
You're wearing all the rings you can.
Remove which one? (? for menu, Esc to cancel) < or
T - the ring of Xom's Capriciousness {Ice Will+ Stlth+} > or
x - a ring of protection from cold You remove your ring of protection from cold.
S - a +5 ring of evasion (right hand) Search for what [Enter for "lair", or ? for help]? cloak Can't find anything matching that.
Search for what [Enter for "cloak", or ? for help]? gloves Can't find anything matching that.
Unknown command.
Unknown command.
You fly downwards.
Welcome to the Lair of Beasts!
You feel an oppressive heat about you.
There is an entrance to a volcano on this level.
Hurry and find it before the entrance collapses!
There is a staircase back to the Dungeon here.
Unknown command.
Found a rapier.
Found a stone staircase leading down. 2 komodo dragons come into view.
Found 8 stones.
Found 3 gold pieces.
Found a sling.
You hear the slow rumble of a distant avalanche of rocks.
Found a Young Poisoner's Handbook.
You hear the slow rumble of a very distant avalanche of rocks.
You see here a +0 sling.
Found a stone staircase leading down.
Found 4 stones.
You hear the slow rumble of a very distant avalanche of rocks.
You hear the slow rumble of a very distant avalanche of rocks.
You hear the rumble of an avalanche of rocks very nearby.
A yak comes into view.
The yak bellows!
You hear a bellow!
A cane toad and a yak come into view.
A yak comes into view.
Casting: Iskenderun's Mystic Blast (mildly dangerous; 1% risk of failure)
Confirm with . or Enter, or press ? or * to list all spells.
Aiming: Fulminant Prism (mildly dangerous; 1% risk of failure)
Press: ? - help, Dir - move target You conjure a prism of explosive energy!
A fulminant prism comes into view.
The yak gores your fulminant prism.
Your fulminant prism crackles loudly.
The yak gores your fulminant prism.
A yak comes into view.
Your fulminant prism explodes!
The blast of energy engulfs the cane toad!
The cane toad is moderately wounded.
The blast of energy engulfs the yak!!
The yak is heavily wounded.
The blast of energy engulfs the yak!
The yak is moderately wounded.
You hear an angry hiss. x2
Casting: Fulminant Prism (mildly dangerous; 1% risk of failure)
Confirm with . or Enter, or press ? or * to list all spells.
Aiming: Fulminant Prism (mildly dangerous; 1% risk of failure)
Press: ? - help, Dir - move target You conjure a prism of explosive energy!
A fulminant prism comes into view.
The cane toad stings your fulminant prism but does no damage.
The cane toad stings your fulminant prism!
You block the yak's attack.
Your fulminant prism crackles loudly.
Unknown command.
Casting: Fulminant Prism (mildly dangerous; 1% risk of failure)
Confirm with . or Enter, or press ? or * to list all spells.
You erupt in a blast of force!
The mystic blast hits the yak!
The yak is severely wounded.
The yak is knocked back by the mystic blast.
The mystic blast hits the yak!
The yak is almost dead.
The yak is knocked back by the mystic blast.
The yak collides with the yak!
The yak is almost dead. x2
The cane toad stings your fulminant prism!
Your fulminant prism explodes!
The blast of energy engulfs the yak but does no damage.
The yak is almost dead.
The blast of energy engulfs the cane toad!
The cane toad is heavily wounded.
The blast of energy engulfs the yak!
You kill the yak!
Makhleb accepts your kill.
You feel better.
The blast of energy engulfs the yak!!
The yak is severely wounded.
Unknown command.
Unknown command.
Casting: Iskenderun's Mystic Blast (mildly dangerous; 1% risk of failure)
Confirm with . or Enter, or press ? or * to list all spells.
Aiming: Fulminant Prism (mildly dangerous; 1% risk of failure)
Press: ? - help, Dir - move target You conjure a prism of explosive energy!
A fulminant prism comes into view.
Your fulminant prism crackles loudly.
Casting: Fulminant Prism (mildly dangerous; 1% risk of failure)
Confirm with . or Enter, or press ? or * to list all spells.
You erupt in a blast of force!
The mystic blast hits the cane toad!
The cane toad is severely wounded.
The cane toad is knocked back by the mystic blast.
The cane toad collides with the yak!
The yak is lightly wounded.
The cane toad is almost dead.
The mystic blast hits the yak!
The yak is almost dead.
The yak is knocked back by the mystic blast.
The mystic blast hits the yak!
You kill the yak!
Makhleb accepts your kill.
Your fulminant prism explodes!
The blast of energy engulfs the cane toad!!
You kill the cane toad!
Makhleb accepts your kill.
You feel better.
The blast of energy engulfs the yak!!
The yak is almost dead.
The blast of energy engulfs you!!
The blast of energy engulfs the yak!
You kill the yak!
Makhleb accepts your kill.
You feel better.
You hear an angry hiss.
Your Evocations skill increases to level 5!
Unknown command.
Casting: Iskenderun's Mystic Blast (mildly dangerous; 1% risk of failure)
Confirm with . or Enter, or press ? or * to list all spells.
Aiming: Searing Ray (safe; 1% risk of failure)
Press: ? - help, Shift-Dir - straight line, f - yak
Aim: a yak (almost dead, 90% to hit)
The searing ray hits the yak!
You kill the yak!
Makhleb accepts your kill.
You feel better. (Press . to maintain the ray.) Training target 5.0 for Stealth reached!
Your Stealth skill increases to level 5!
You hear the rumble of an avalanche of rocks nearby.
The komodo dragon hisses angrily.
Casting: Searing Ray (safe; 1% risk of failure)
Confirm with . or Enter, or press ? or * to list all spells.
Aiming: Fulminant Prism (mildly dangerous; 1% risk of failure)
Press: ? - help, Dir - move target You conjure a prism of explosive energy!
A fulminant prism comes into view.
Your fulminant prism crackles loudly.
Your fulminant prism explodes!
The blast of energy engulfs the komodo dragon!!!
The komodo dragon is almost dead.
You hear an angry hiss.
Casting: Fulminant Prism (mildly dangerous; 1% risk of failure)
Confirm with . or Enter, or press ? or * to list all spells.
Aiming: Fulminant Prism (mildly dangerous; 1% risk of failure)
Press: ? - help, Dir - move target You conjure a prism of explosive energy!
A fulminant prism comes into view.
Your fulminant prism crackles loudly.
Casting: Fulminant Prism (mildly dangerous; 1% risk of failure)
Confirm with . or Enter, or press ? or * to list all spells.
You erupt in a blast of force!
The mystic blast hits the komodo dragon!
You kill the komodo dragon!
Makhleb accepts your kill.
Your fulminant prism explodes!
The blast of energy engulfs the komodo dragon!
The komodo dragon is moderately wounded.
Casting: Iskenderun's Mystic Blast (mildly dangerous; 1% risk of failure)
Confirm with . or Enter, or press ? or * to list all spells.
Aiming: Fulminant Prism (mildly dangerous; 1% risk of failure)
Press: ? - help, Dir - move target You conjure a prism of explosive energy!
A fulminant prism comes into view.
Your fulminant prism crackles loudly.
Your fulminant prism explodes!
The blast of energy engulfs the komodo dragon!!!
You kill the komodo dragon!
Makhleb accepts your kill.
You're wearing all the rings you can.
Remove which one? (? for menu, Esc to cancel) < or
T - the ring of Xom's Capriciousness {Ice Will+ Stlth+} > or
S - a +5 ring of evasion You remove the ring of Xom's Capriciousness {Ice Will+ Stlth+}.
x - a ring of protection from cold (left hand)
A lindwurm comes into view.
Found a dark tunnel.
The lindwurm roars!
Casting: Fulminant Prism (mildly dangerous; 1% risk of failure)
Confirm with . or Enter, or press ? or * to list all spells.
Aiming: Fulminant Prism (mildly dangerous; 1% risk of failure)
Press: ? - help, Dir - move target You conjure a prism of explosive energy!
A fulminant prism comes into view.
Your fulminant prism crackles loudly.
Casting: Fulminant Prism (mildly dangerous; 1% risk of failure)
Confirm with . or Enter, or press ? or * to list all spells.
You erupt in a blast of force!
The mystic blast hits the lindwurm!
The lindwurm is moderately wounded.
The lindwurm misses you.
The lindwurm claws you but does no damage.
The lindwurm claws you.
Your fulminant prism explodes!
The blast of energy engulfs the lindwurm!
The lindwurm is heavily wounded.
The blast of energy engulfs you!
Casting: Iskenderun's Mystic Blast (mildly dangerous; 1% risk of failure)
Confirm with . or Enter, or press ? or * to list all spells.
You erupt in a blast of force!
The mystic blast hits the lindwurm!
The lindwurm is severely wounded.
The lindwurm is knocked back by the mystic blast.
The lindwurm slams into the rock wall!
Unknown command.
Casting: Iskenderun's Mystic Blast (mildly dangerous; 1% risk of failure)
Confirm with . or Enter, or press ? or * to list all spells.
You erupt in a blast of force!
The mystic blast hits the lindwurm!
The lindwurm is almost dead.
The lindwurm is knocked back by the mystic blast.
The lindwurm slams into the rock wall!
The lindwurm is almost dead.
Casting: Iskenderun's Mystic Blast (mildly dangerous; 1% risk of failure)
Confirm with . or Enter, or press ? or * to list all spells.
You erupt in a blast of force!
The mystic blast hits the lindwurm!
You kill the lindwurm!
Makhleb accepts your kill.
You feel better.
Unknown command.
You drop a black potion.
You drop 3 scrolls of immolation.
You drop a scroll of vulnerability.
You drop a brown potion.
You drop a javelin.
HP restored.
You drop 25 boomerangs.
You drop a scroll labelled GUJUBL RATWO.
You drop a puce potion.
You drop a lumpy dark potion.
You drop 2 fuming orange potions.
You drop a scroll labelled NEKHUC OJEL.
You drop a ring of resist corrosion.
Unknown command.
There is a dark tunnel here.
The world spins around you as you enter the gateway.
You enter a volcano!
Found a rocky tunnel leading out of this place.
There is a rock-blocked tunnel here.
There is a rocky tunnel leading out of this place here.
A flying skull comes into view.
The flying skull gives a hideous shriek!
Casting: Iskenderun's Mystic Blast (mildly dangerous; 1% risk of failure)
Confirm with . or Enter, or press ? or * to list all spells.
Aiming: Fulminant Prism (mildly dangerous; 1% risk of failure)
Press: ? - help, Dir - move target You conjure a prism of explosive energy!
A fulminant prism comes into view.
Casting: Fulminant Prism (mildly dangerous; 1% risk of failure)
Confirm with . or Enter, or press ? or * to list all spells.
You erupt in a blast of force!
The mystic blast hits the flying skull.
The flying skull is moderately damaged.
The flying skull is knocked back by the mystic blast.
Your fulminant prism crackles loudly.
Unknown command.
Your fulminant prism explodes!
The blast of energy engulfs the flying skull!!!
You destroy the flying skull!
Makhleb accepts your kill.
You feel better.
You hear a hideous shriek! x2
Your Armour skill increases to level 1!
A flying skull comes into view.
The air gets thick with the scent of sulphur.
In the distance, the volcano erupts with a roar.
A flying skull comes into view.
Casting: Iskenderun's Mystic Blast (mildly dangerous; 1% risk of failure)
Confirm with . or Enter, or press ? or * to list all spells.
Aiming: Fulminant Prism (mildly dangerous; 1% risk of failure)
Press: ? - help, Dir - move target You conjure a prism of explosive energy!
A fulminant prism comes into view.
The flying skull misses you.
Casting: Fulminant Prism (mildly dangerous; 1% risk of failure)
Confirm with . or Enter, or press ? or * to list all spells.
You erupt in a blast of force!
The mystic blast hits the flying skull!
The flying skull is moderately damaged.
The flying skull is knocked back by the mystic blast.
The flying skull collides with your fulminant prism!
Your fulminant prism is lightly damaged.
Your fulminant prism crackles loudly.
The flying skull completely misses you.
Your fulminant prism explodes!
The blast of energy engulfs the flying skull!!
You destroy the flying skull!
Makhleb accepts your kill.
You feel better.
You reach down and open the door.
A naga skeleton, an anaconda skeleton, a troll skeleton and 2 gargoyles come into view.
The troll skeleton moves out of view.
Casting: Iskenderun's Mystic Blast (mildly dangerous; 1% risk of failure)
Confirm with . or Enter, or press ? or * to list all spells.
You erupt in a blast of force!
The mystic blast hits the gargoyle but does no damage.
The mystic blast hits the anaconda skeleton.
The anaconda skeleton is lightly damaged.
The anaconda skeleton is knocked back by the mystic blast.
A harpy skeleton comes into view.
The gargoyle hurls a stone arrow at you.
The stone arrow misses you.
Casting: Iskenderun's Mystic Blast (mildly dangerous; 1% risk of failure)
Confirm with . or Enter, or press ? or * to list all spells.
Aiming: Fulminant Prism (mildly dangerous; 1% risk of failure)
Press: ? - help, Dir - move target You conjure a prism of explosive energy!
A fulminant prism comes into view.
A harpy skeleton comes into view.
An anaconda skeleton comes into view.
The harpy skeleton claws your fulminant prism!
The harpy skeleton claws your fulminant prism.
Your fulminant prism crackles loudly.
The gargoyle attacks as it pursues you!
The gargoyle hits you with a +0 morningstar!
Casting: Fulminant Prism (mildly dangerous; 1% risk of failure)
Confirm with . or Enter, or press ? or * to list all spells.
You erupt in a blast of force!
The mystic blast hits the gargoyle!!
The gargoyle is severely damaged.
The gargoyle is knocked back by the mystic blast.
The gargoyle collides with the anaconda skeleton!
The anaconda skeleton is moderately damaged.
The harpy skeleton claws your fulminant prism but does no damage.
The harpy skeleton claws your fulminant prism. x2
Your fulminant prism explodes!
The blast of energy engulfs the harpy skeleton!
The harpy skeleton is moderately damaged.
The blast of energy engulfs the anaconda skeleton!!
The anaconda skeleton is severely damaged.
The blast of energy engulfs the gargoyle!
You destroy the gargoyle!
Makhleb accepts your kill.
You feel better.
Unknown command.
Casting: Iskenderun's Mystic Blast (mildly dangerous; 1% risk of failure)
Confirm with . or Enter, or press ? or * to list all spells.
Aiming: Fulminant Prism (mildly dangerous; 1% risk of failure)
Press: ? - help, Dir - move target You conjure a prism of explosive energy!
A fulminant prism comes into view.
The anaconda skeleton grabs your fulminant prism.
The anaconda skeleton bites your fulminant prism!
The anaconda skeleton constricts your fulminant prism.
The naga skeleton hits your fulminant prism.
Your fulminant prism detonates feebly.
The anaconda skeleton grabs you.
You block the anaconda skeleton's attack.
The anaconda skeleton constricts you.
Casting: Fulminant Prism (mildly dangerous; 1% risk of failure)
Confirm with . or Enter, or press ? or * to list all spells.
Aiming: Fulminant Prism (mildly dangerous; 1% risk of failure)
Press: ? - help, Dir - move target You conjure a prism of explosive energy!
A fulminant prism comes into view.
The anaconda skeleton loses its grip on you.
The anaconda skeleton grabs your fulminant prism.
The anaconda skeleton bites your fulminant prism!
The anaconda skeleton constricts your fulminant prism.
Casting: Fulminant Prism (mildly dangerous; 1% risk of failure)
Confirm with . or Enter, or press ? or * to list all spells.
You erupt in a blast of force!
The mystic blast hits the anaconda skeleton!
The anaconda skeleton is severely damaged.
The anaconda skeleton is knocked back by the mystic blast.
The anaconda skeleton collides with the harpy skeleton!
The harpy skeleton is heavily damaged.
The anaconda skeleton is almost destroyed.
The mystic blast hits the gargoyle but does no damage.
The air gets thick with the scent of sulphur.
The anaconda skeleton bites your fulminant prism.
The anaconda skeleton constricts your fulminant prism.
Your fulminant prism detonates feebly.
Unknown command.
Unknown command.
Unknown command.
Unknown command.
Casting: Iskenderun's Mystic Blast (mildly dangerous; 1% risk of failure)
Confirm with . or Enter, or press ? or * to list all spells.
You erupt in a blast of force!
The mystic blast hits the anaconda skeleton!
You destroy the anaconda skeleton!
Makhleb accepts your kill.
The mystic blast hits the gargoyle but does no damage.
The gargoyle closely misses you.
Unknown command.
Unknown command.
Casting: Iskenderun's Mystic Blast (mildly dangerous; 1% risk of failure)
Confirm with . or Enter, or press ? or * to list all spells.
You erupt in a blast of force!
The mystic blast hits the harpy skeleton!!
The harpy skeleton is severely damaged.
The harpy skeleton is knocked back by the mystic blast.
The harpy skeleton collides with the harpy skeleton!
The harpy skeleton is severely damaged.
The harpy skeleton is almost destroyed.
The mystic blast hits the gargoyle!
The gargoyle is heavily damaged.
The gargoyle is knocked back by the mystic blast.
The gargoyle collides with the harpy skeleton!
The harpy skeleton is almost destroyed.
The gargoyle is severely damaged.
The gargoyle barely misses you.
Unknown command.
Casting: Iskenderun's Mystic Blast (mildly dangerous; 1% risk of failure)
Confirm with . or Enter, or press ? or * to list all spells.
You erupt in a blast of force!
The mystic blast hits the harpy skeleton!!
You destroy the harpy skeleton!
Makhleb accepts your kill.
You feel better.
The mystic blast hits the gargoyle but does no damage.
The gargoyle is severely damaged.
In the distance, the volcano erupts with a roar.
The gargoyle hits you with a +0 flail.
An alligator skeleton comes into view.
Unknown command.
Unknown command.
Casting: Iskenderun's Mystic Blast (mildly dangerous; 1% risk of failure)
Confirm with . or Enter, or press ? or * to list all spells.
Aiming: Fulminant Prism (mildly dangerous; 1% risk of failure)
Press: ? - help, Dir - move target You conjure a prism of explosive energy!
A fulminant prism comes into view.
The naga skeleton hits your fulminant prism.
The naga skeleton grabs your fulminant prism.
The naga skeleton constricts your fulminant prism.
The gargoyle closely misses you.
Casting: Fulminant Prism (mildly dangerous; 1% risk of failure)
Confirm with . or Enter, or press ? or * to list all spells.
You erupt in a blast of force!
The mystic blast hits the harpy skeleton!!
You destroy the harpy skeleton!
Makhleb accepts your kill.
You feel better.
The mystic blast hits the gargoyle!
You destroy the gargoyle!
Makhleb accepts your kill. Something bites your fulminant prism.
Something completely misses your fulminant prism.
Something claws your fulminant prism.
The naga skeleton loses its grip on your fulminant prism.
Your fulminant prism crackles loudly.
Unknown command.
Casting: Iskenderun's Mystic Blast (mildly dangerous; 1% risk of failure)
Confirm with . or Enter, or press ? or * to list all spells.
You erupt in a blast of force!
The mystic blast hits the anaconda skeleton!!
The anaconda skeleton is moderately damaged.
The anaconda skeleton is knocked back by the mystic blast.
The anaconda skeleton collides with the naga skeleton!
The naga skeleton is lightly damaged.
The anaconda skeleton is moderately damaged.
Something bites your fulminant prism.
Something claws your fulminant prism but does no damage.
Something claws your fulminant prism!
Your fulminant prism explodes!
The blast of energy engulfs the naga skeleton!
The naga skeleton is heavily damaged.
The blast of energy engulfs the anaconda skeleton.
The anaconda skeleton is moderately damaged.
Unknown command.
Unknown command.
Casting: Iskenderun's Mystic Blast (mildly dangerous; 1% risk of failure)
Confirm with . or Enter, or press ? or * to list all spells.
Aiming: Fulminant Prism (mildly dangerous; 1% risk of failure)
Press: ? - help, Dir - move target You conjure a prism of explosive energy!
A fulminant prism comes into view.
The anaconda skeleton closely misses you. x2
Something bites your fulminant prism! Something claws your fulminant prism!
Your fulminant prism detonates feebly.
Casting: Fulminant Prism (mildly dangerous; 1% risk of failure)
Confirm with . or Enter, or press ? or * to list all spells.
Aiming: Fulminant Prism (mildly dangerous; 1% risk of failure)
Press: ? - help, Dir - move target You conjure a prism of explosive energy!
A fulminant prism comes into view.
The anaconda skeleton grabs you. The anaconda skeleton bites you!
The anaconda skeleton constricts you. The anaconda skeleton bites you!
The anaconda skeleton constricts you.
Casting: Fulminant Prism (mildly dangerous; 1% risk of failure)
Confirm with . or Enter, or press ? or * to list all spells.
You erupt in a blast of force!
The mystic blast hits the alligator skeleton!
The alligator skeleton is lightly damaged.
The alligator skeleton is knocked back by the mystic blast.
The alligator skeleton collides with the naga skeleton!
The naga skeleton is almost destroyed.
The alligator skeleton is moderately damaged.
The mystic blast hits the anaconda skeleton!
The anaconda skeleton is severely damaged.
The anaconda skeleton is knocked back by the mystic blast.
The anaconda skeleton collides with the alligator skeleton!
The alligator skeleton is moderately damaged.
The anaconda skeleton is severely damaged.
Your fulminant prism crackles loudly.
Unknown command.
Casting: Iskenderun's Mystic Blast (mildly dangerous; 1% risk of failure)
Confirm with . or Enter, or press ? or * to list all spells.
You erupt in a blast of force!
The mystic blast hits the alligator skeleton!
The alligator skeleton is heavily damaged.
The alligator skeleton is knocked back by the mystic blast.
The alligator skeleton collides with the naga skeleton!
You destroy the naga skeleton!
Makhleb accepts your kill.
You feel better.
The alligator skeleton is heavily damaged.
The mystic blast hits the anaconda skeleton!
The anaconda skeleton is almost destroyed.
The anaconda skeleton is knocked back by the mystic blast.
The anaconda skeleton collides with the alligator skeleton!
The alligator skeleton is severely damaged.
The anaconda skeleton is almost destroyed.
The anaconda skeleton bites you. The anaconda skeleton constricts you.
Your fulminant prism explodes!
The blast of energy engulfs the troll skeleton!!!
You destroy the troll skeleton!
Makhleb accepts your kill.
You feel better.
The blast of energy engulfs the alligator skeleton!!
The alligator skeleton is almost destroyed.
The blast of energy engulfs the anaconda skeleton!!!
You destroy the anaconda skeleton!
Makhleb accepts your kill.
You feel better.
Your Armour skill increases to level 2!
Unknown command.
Casting: Iskenderun's Mystic Blast (mildly dangerous; 1% risk of failure)
Confirm with . or Enter, or press ? or * to list all spells.
You erupt in a blast of force!
The mystic blast hits the alligator skeleton!!
You destroy the alligator skeleton!
Makhleb accepts your kill.
You feel better.
You start resting.
The air gets thick with the scent of sulphur.
You see here a +0 flail.
Found a rocky tunnel leading out of this place.
There is an open door here.
You see here a +0 morningstar.
In the distance, the volcano erupts with a roar.
Found 67 gold pieces.
You now have 947 gold pieces (gained 17).
You now have 977 gold pieces (gained 30).
You now have 997 gold pieces (gained 20).
The air gets thick with the scent of sulphur.
In the distance, the volcano erupts with a roar.
Found 39 gold pieces.
You now have 1006 gold pieces (gained 9).
You now have 1024 gold pieces (gained 18).
You now have 1036 gold pieces (gained 12).
Found 13 gold pieces.
Found 31 gold pieces.
The air gets thick with the scent of sulphur.
You now have 1054 gold pieces (gained 18).
In the distance, the volcano erupts with a roar.
You now have 1067 gold pieces (gained 13).
You now have 1080 gold pieces (gained 13).
Found 52 gold pieces.
You now have 1105 gold pieces (gained 25).
You now have 1120 gold pieces (gained 15).
You now have 1132 gold pieces (gained 12).
The air gets thick with the scent of sulphur.
In the distance, the volcano erupts with a roar.
You reach down and open the door.
Found 49 gold pieces.
There is an open door here.
You now have 1141 gold pieces (gained 9).
You now have 1164 gold pieces (gained 23).
You now have 1181 gold pieces (gained 17).
You reach down and open the door.
A skeletal warrior and an alligator skeleton come into view.
The skeletal warrior is wielding a +2 halberd of flaming.
A harpy skeleton comes into view.
Casting: Iskenderun's Mystic Blast (mildly dangerous; 1% risk of failure)
Confirm with . or Enter, or press ? or * to list all spells.
Aiming: Fulminant Prism (mildly dangerous; 1% risk of failure)
Press: ? - help, Dir - move target You conjure a prism of explosive energy!
A fulminant prism comes into view.
Casting: Fulminant Prism (mildly dangerous; 1% risk of failure)
Confirm with . or Enter, or press ? or * to list all spells.
You erupt in a blast of force!
The mystic blast hits the skeletal warrior!
The skeletal warrior is moderately damaged.
The skeletal warrior is knocked back by the mystic blast.
The skeletal warrior collides with the alligator skeleton!
The alligator skeleton is lightly damaged.
The skeletal warrior is moderately damaged.
The mystic blast hits the harpy skeleton!
The harpy skeleton is lightly damaged.
The harpy skeleton is knocked back by the mystic blast.
The harpy skeleton collides with the skeletal warrior!
The harpy skeleton is heavily damaged.
Your fulminant prism crackles loudly.
The alligator skeleton bites your fulminant prism.
The alligator skeleton tail-slaps your fulminant prism!
Unknown command.
Unknown command.
Casting: Iskenderun's Mystic Blast (mildly dangerous; 1% risk of failure)
Confirm with . or Enter, or press ? or * to list all spells.
You erupt in a blast of force!
The mystic blast hits the harpy skeleton!
The harpy skeleton is severely damaged.
The harpy skeleton is knocked back by the mystic blast.
The harpy skeleton collides with the skeletal warrior!
The skeletal warrior is heavily damaged.
The harpy skeleton is severely damaged.
The harpy skeleton closely misses you. The harpy skeleton barely misses you.
Your fulminant prism explodes!
The blast of energy engulfs the alligator skeleton!!
The alligator skeleton is moderately damaged.
The blast of energy engulfs the skeletal warrior!!
The skeletal warrior is almost destroyed.
The blast of energy engulfs the harpy skeleton!
The harpy skeleton is almost destroyed.
Unknown command.
Casting: Iskenderun's Mystic Blast (mildly dangerous; 1% risk of failure)
Confirm with . or Enter, or press ? or * to list all spells.
You erupt in a blast of force!
The mystic blast hits the skeletal warrior!!
You destroy the skeletal warrior!
Makhleb accepts your kill.
The mystic blast hits the harpy skeleton!!
You destroy the harpy skeleton!
Makhleb accepts your kill.
You feel better.
Unknown command.
Unknown command.
Casting: Iskenderun's Mystic Blast (mildly dangerous; 1% risk of failure)
Confirm with . or Enter, or press ? or * to list all spells.
Aiming: Fulminant Prism (mildly dangerous; 1% risk of failure)
Press: ? - help, Dir - move target You conjure a prism of explosive energy!
A fulminant prism comes into view.
Casting: Fulminant Prism (mildly dangerous; 1% risk of failure)
Confirm with . or Enter, or press ? or * to list all spells.
You erupt in a blast of force!
The mystic blast hits the alligator skeleton.
The alligator skeleton is heavily damaged.
The alligator skeleton is knocked back by the mystic blast.
Your fulminant prism crackles loudly.
Your fulminant prism explodes!
The blast of energy engulfs the alligator skeleton!!!
The alligator skeleton is almost destroyed.
Casting: Iskenderun's Mystic Blast (mildly dangerous; 1% risk of failure)
Confirm with . or Enter, or press ? or * to list all spells.
Aiming: Fulminant Prism (mildly dangerous; 1% risk of failure)
Press: ? - help, Dir - move target You conjure a prism of explosive energy!
A fulminant prism comes into view.
Casting: Fulminant Prism (mildly dangerous; 1% risk of failure)
Confirm with . or Enter, or press ? or * to list all spells.
You erupt in a blast of force!
The mystic blast hits the alligator skeleton!!
You destroy the alligator skeleton!
Makhleb accepts your kill.
You feel better.
Your fulminant prism crackles loudly.
The air gets thick with the scent of sulphur.
Your fulminant prism explodes!
There is an open door here.
You see here a +2 halberd of flaming.
In the distance, the volcano erupts with a roar.
There is an open door here.
You see here a +2 halberd of flaming.
c - a +2 halberd of flaming You reach down and open the door.
Found three items.
There is an open door here.
You see here a +1 bardiche of flaming.
e - a +1 bardiche of flaming
m - a scroll labelled GUJUBL RATWO
There are no items here.
You see here a +2 battleaxe of flaming.
You see here a +0 battleaxe of flaming.
You see here a +2 battleaxe of flaming.
s - a +2 battleaxe of flaming
There is an open door here.
There is an open door here.
You see here a +0 battleaxe of flaming.
You reach down and open the door.
A spriggan skeleton comes into view.
The air gets thick with the scent of sulphur.
There is an open door here.
Found a green potion and a fuming orange potion.
Found a fuming orange potion.
In the distance, the volcano erupts with a roar.
There is an open door here.
Casting: Iskenderun's Mystic Blast (mildly dangerous; 1% risk of failure)
Confirm with . or Enter, or press ? or * to list all spells.
Okay, then.
Found 2 sedimented pink potions and a ring mail of fire resistance.
A skeletal warrior comes into view.
It is wielding a +2 halberd of flaming and wearing a +4 scale mail of fire resistance.
Casting: Iskenderun's Mystic Blast (mildly dangerous; 1% risk of failure)
Confirm with . or Enter, or press ? or * to list all spells.
You erupt in a blast of force!
The mystic blast hits the spriggan skeleton!
The spriggan skeleton is moderately damaged.
The spriggan skeleton is knocked back by the mystic blast.
The spriggan skeleton slams into the metal wall!
The spriggan skeleton is heavily damaged.
A gargoyle opens the door.
Unknown command.
Okay, then.
Unknown command.
The spriggan skeleton closely misses you.
A gargoyle comes into view. It is wielding a +0 flail.
There is an open door here.
A gargoyle and a spriggan skeleton come into view.
The spriggan skeleton misses you.
The spriggan skeleton moves out of view.
The spriggan skeleton attacks as it pursues you!
The spriggan skeleton hits you but does no damage.
The gargoyle hits you with a +0 flail!!
There is an open door here.
You see here a +0 battleaxe of flaming.
Casting: Iskenderun's Mystic Blast (mildly dangerous; 1% risk of failure)
Confirm with . or Enter, or press ? or * to list all spells.
You erupt in a blast of force!
The mystic blast hits the gargoyle.
The gargoyle is moderately damaged.
The gargoyle is knocked back by the mystic blast.
The gargoyle slams into the metal wall!
The mystic blast hits the gargoyle!
The gargoyle is moderately damaged.
The gargoyle is knocked back by the mystic blast.
The gargoyle collides with the gargoyle!
The mystic blast hits the spriggan skeleton.
The spriggan skeleton is heavily damaged.
The spriggan skeleton is knocked back by the mystic blast.
The spriggan skeleton collides with the gargoyle!
The spriggan skeleton is severely damaged.
Unknown command.
Unknown command.
You block the spriggan skeleton's attack.
There is an open door here.
Casting: Iskenderun's Mystic Blast (mildly dangerous; 1% risk of failure)
Confirm with . or Enter, or press ? or * to list all spells.
Aiming: Fulminant Prism (mildly dangerous; 1% risk of failure)
Press: ? - help, Dir - move target You conjure a prism of explosive energy!
A fulminant prism comes into view.
The spriggan skeleton completely misses you.
Casting: Fulminant Prism (mildly dangerous; 1% risk of failure)
Confirm with . or Enter, or press ? or * to list all spells.
You erupt in a blast of force!
The mystic blast hits the gargoyle!
The gargoyle is heavily damaged.
The gargoyle is knocked back by the mystic blast.
The gargoyle collides with your fulminant prism!
Your fulminant prism is moderately damaged.
The mystic blast hits the spriggan skeleton!!
You destroy the spriggan skeleton!
Makhleb accepts your kill.
Your fulminant prism crackles loudly.
Unknown command.
Unknown command.
Unknown command.
Your fulminant prism explodes!
The blast of energy engulfs the gargoyle!
The gargoyle is heavily damaged.
The blast of energy engulfs the gargoyle!!
You destroy the gargoyle!
Makhleb accepts your kill.
You feel better.
Casting: Iskenderun's Mystic Blast (mildly dangerous; 1% risk of failure)
Confirm with . or Enter, or press ? or * to list all spells.
Aiming: Fulminant Prism (mildly dangerous; 1% risk of failure)
Press: ? - help, Dir - move target You conjure a prism of explosive energy!
A fulminant prism comes into view.
Casting: Fulminant Prism (mildly dangerous; 1% risk of failure)
Confirm with . or Enter, or press ? or * to list all spells.
You erupt in a blast of force!
The mystic blast hits the gargoyle but does no damage.
The gargoyle is heavily damaged.
Something hits your fulminant prism!!
Your fulminant prism detonates feebly.
The gargoyle misses you.
Unknown command.
Unknown command.
Casting: Iskenderun's Mystic Blast (mildly dangerous; 1% risk of failure)
Confirm with . or Enter, or press ? or * to list all spells.
Aiming: Fulminant Prism (mildly dangerous; 1% risk of failure)
Press: ? - help, Dir - move target You conjure a prism of explosive energy!
A fulminant prism comes into view.
Something hits your fulminant prism! You block the gargoyle's attack.
Unknown command.
Casting: Fulminant Prism (mildly dangerous; 1% risk of failure)
Confirm with . or Enter, or press ? or * to list all spells.
You erupt in a blast of force!
The mystic blast hits the gargoyle but does no damage.
The gargoyle is heavily damaged.
Something hits your fulminant prism!
Your fulminant prism detonates feebly.
The gargoyle hurls a stone arrow at you.
The stone arrow misses you.
Unknown command.
Casting: Iskenderun's Mystic Blast (mildly dangerous; 1% risk of failure)
Confirm with . or Enter, or press ? or * to list all spells.
You erupt in a blast of force!
The mystic blast hits the gargoyle but does no damage.
The gargoyle is heavily damaged.
The gargoyle misses you.
Unknown command.
Casting: Iskenderun's Mystic Blast (mildly dangerous; 1% risk of failure)
Confirm with . or Enter, or press ? or * to list all spells.
Aiming: Fulminant Prism (mildly dangerous; 1% risk of failure)
Press: ? - help, Dir - move target You conjure a prism of explosive energy!
A fulminant prism comes into view.
The gargoyle misses you.
Casting: Fulminant Prism (mildly dangerous; 1% risk of failure)
Confirm with . or Enter, or press ? or * to list all spells.
You erupt in a blast of force!
The mystic blast hits the gargoyle.
The gargoyle is moderately damaged.
The gargoyle is knocked back by the mystic blast.
The gargoyle collides with your fulminant prism!
Your fulminant prism is lightly damaged.
The mystic blast hits the skeletal warrior but does no damage.
The mystic blast hits the gargoyle.
The gargoyle is severely damaged.
The gargoyle is knocked back by the mystic blast.
The gargoyle collides with the gargoyle!
The gargoyle is severely damaged.
The skeletal warrior hits you from afar with a +2 halberd of flaming!!
The skeletal warrior burns you.
Your fulminant prism crackles loudly.
Unknown command.
Unknown command.
Casting: Iskenderun's Mystic Blast (mildly dangerous; 1% risk of failure)
Confirm with . or Enter, or press ? or * to list all spells.
You miscast Iskenderun's Mystic Blast.
You are very lightly contaminated with residual magic.
Nothing appears to happen.
You block the gargoyle's attack.
The spriggan skeleton hits your fulminant prism!
The skeletal warrior hits you from afar with a +2 halberd of flaming!
Your fulminant prism explodes!
The blast of energy engulfs the gargoyle!
The gargoyle is severely damaged.
The blast of energy engulfs the spriggan skeleton!!
The spriggan skeleton is heavily damaged.
The blast of energy engulfs the skeletal warrior.
The skeletal warrior is lightly damaged.
The blast of energy engulfs the gargoyle!
You destroy the gargoyle!
Makhleb accepts your kill.
Unknown command.
The gargoyle hurls a stone arrow at you.
The stone arrow hits you!!
* * * LOW HITPOINT WARNING * * *
There is an open door here.
The skeletal warrior attacks as it pursues you!
The skeletal warrior hits you from afar with a +2 halberd of flaming!!
You die...

Skill      XL: |  1  2  3  4  5  6  7  8  9 10 11 12 13 |
---------------+----------------------------------------+-----
Fighting       | 1 2 3 4 5 8 9 10 | 10.0
Spellcasting   | 4 5 6 9 10 11 12 | 12.8
Conjurations   | 4 5 6 9 10 11 12 | 12.8
Hexes          | 4 5 6 9 10 11 12 | 12.8
Summonings     | 4 5 6 9 10 11 12 | 12.8
Necromancy     | 4 5 6 9 10 11 12 | 12.8
Translocations | 4 5 6 9 10 11 12 | 12.8
Transmutations | 4 5 6 9 10 11 12 | 12.8
Fire Magic     | 4 5 6 9 10 11 12 | 12.8
Ice Magic      | 4 5 6 9 10 11 12 | 12.8
Air Magic      | 4 5 6 9 10 11 12 | 12.8
Earth Magic    | 4 5 6 9 10 11 12 | 12.8
Poison Magic   | 4 5 6 9 10 11 12 | 12.8
Shields        | 3 4 5 |  5.0
Dodging        | 6 8 9 10 | 10.0
Stealth        | 3 5 |  5.0
Evocations     | 3 5 |  5.9
Armour         | 2 |  2.6

Action                     |  1- 3 |  4- 6 |  7- 9 | 10-12 | 13-15 || total
---------------------------+-------+-------+-------+-------+-------++-------
  Melee: Scimitar          |       |       |       |    12 |       ||    12
         Dagger            |       |       |       |     2 |       ||     2
   Fire: Sling             |       |    53 |     2 |    40 |     7 ||   102
         Shortbow          |       |       |     2 |       |       ||     2
         Orcbow            |       |       |    44 |       |       ||    44
  Throw: Dart              |       |       |       |       |     3 ||     3
   Cast: Magic Dart        |    26 |       |       |       |       ||    26
         Searing Ray       |    21 |    46 |    47 |    34 |     2 ||   150
         Dazzling Flash    |       |     2 |       |       |       ||     2
         Iskenderun's Myst |       |       |     8 |    80 |    60 ||   148
         Fulminant Prism   |       |       |     6 |    89 |    45 ||   140
         Call Canine Famil |       |       |       |       |     1 ||     1
  Evoke: Wand              |       |       |       |       |     1 ||     1
    Use: Scroll            |       |     5 |     2 |     2 |       ||     9
         Potion            |       |       |     1 |     2 |       ||     3
   Stab: Sleeping          |       |       |       |     2 |       ||     2
 Armour: Robe              |     5 |     5 |    10 |     1 |       ||    21
         Steam dragon scal |       |       |       |    10 |       ||    10
         Troll leather arm |       |       |       |     2 |     3 ||     5
  Dodge: Dodged            |     3 |    15 |    20 |    76 |    23 ||   137
  Block: Buckler           |       |       |       |    19 |     6 ||    25

Levels and vault maps discovered:
D:1:      moated_graveyard_arrival, layout_basic
D:2:      layout_loops_corners, basic_altar, chequers_ecumenical_altar_lobes,
          serial_bayou_pond_d, uniq_jessica
D:3:      layout_basic, minmay_crystal_room
D:4:      layout_gridville, lightli_temple_of_fire, grunt_qazlal_sundering,
          minmay_temple_entry_waves, st_stairs_8, chequers_avenue,
          nicolae_shop_firing_range, uniq_robin
D:5:      layout_basic, mainiacjoe_overflow_cross_hatched,
          ebering_ghost_disaster_area, sigmund_edmund_badplayer
D:6:      layout_basic, lemuel_crystal_altar, serial_shops,
          nicolae_shop_industrial_runoff, due_unseen_surprise
D:7:      layout_basic, enter_bailey_5, nicolae_figureground_sparkle,
          uniq_maggie
D:8:      nicolae_cairo_tiling_very_big, layout_cave_pools,
          nicolae_ashenzari_panopticon
D:9:      layout_roguey, mainiacjoe_overflow_chevrons, hellmonk_lair_entry_icy,
          david_orc_4, uniq_joseph
D:10:     layout_basic, special_room [special_room_kobold]
D:11:     layout_gridville
D:12:     minmay_the_grid_plus_closed [minmay_the_grid_spin_star,
          minmay_the_grid_box_x, minmay_the_grid_gridbox,
          minmay_the_grid_dragon_b, minmay_the_grid_prize_shrinking_boxes],
          layout_irregular_city, uniq_snorg
Temple:   regret_index_temple_sphere_string
Lair:1:   layout_hall_layers, nicolae_volcano_entry_vermiform
Volcano:  volcano_tomb [vts_chambers]

Notes
Turn   | Place    | Note
-------+----------+-------------------------------------------
     0 | D:1      | scionoferis the Djinni Conjurer began the quest for the
                  | Orb.
     0 | D:1      | scionoferis set off with the following spells memorised:
                  | Magic Dart, Searing Ray, Dazzling Flash, Fulminant Prism,
                  | Iskenderun's Mystic Blast.
     0 | D:1      | Reached XP level 1. HP: 15/15 MP: 0/0
    60 | D:1      | Reached XP level 2. HP: 16/22 MP: 0/0
   352 | D:1      | Reached skill level 1 in Fighting
   504 | D:1      | Reached XP level 3. HP: 21/27 MP: 0/0
   504 | D:1      | Learned a level 1 spell: Summon Small Mammal
  1128 | D:2      | Noticed Jessica
  1133 | D:2      | Killed Jessica
  1134 | D:2      | Reached skill level 4 in Spellcasting
  1134 | D:2      | Reached skill level 4 in Conjurations
  1134 | D:2      | Reached skill level 4 in Hexes
  1134 | D:2      | Reached skill level 4 in Summonings
  1134 | D:2      | Reached skill level 4 in Necromancy
  1134 | D:2      | Reached skill level 4 in Translocations
  1134 | D:2      | Reached skill level 4 in Transmutations
  1134 | D:2      | Reached skill level 4 in Fire Magic
  1134 | D:2      | Reached skill level 4 in Ice Magic
  1134 | D:2      | Reached skill level 4 in Air Magic
  1134 | D:2      | Reached skill level 4 in Earth Magic
  1134 | D:2      | Reached skill level 4 in Poison Magic
  1134 | D:2      | Reached XP level 4. HP: 23/33 MP: 0/0
  1362 | D:2      | Found a shadowy altar of Dithmenos.
  1601 | D:2      | Reached skill level 2 in Fighting
  1623 | D:2      | Found a faded altar of an unknown god.
  2135 | D:3      | Reached XP level 5. HP: 28/38 MP: 0/0
  2135 | D:3      | Learned a level 2 spell: Wereblood
  2766 | D:4      | Found a staircase to the Ecumenical Temple.
  2793 | Temple   | Entered the Ecumenical Temple
  2857 | D:4      | Found a stormy altar of Qazlal.
  3066 | D:4      | Noticed Robin
  3072 | D:4      | Killed Robin
  3135 | D:4      | Noticed an ogre
  3141 | D:4      | Killed an ogre
  3142 | D:4      | Reached skill level 3 in Fighting
  3142 | D:4      | Reached XP level 6. HP: 42/46 MP: 0/0
  3259 | D:4      | Found Hyostan's Firing Range.
  3335 | D:4      | Reached skill level 5 in Spellcasting
  3335 | D:4      | Reached skill level 5 in Conjurations
  3335 | D:4      | Reached skill level 5 in Hexes
  3335 | D:4      | Reached skill level 5 in Summonings
  3335 | D:4      | Reached skill level 5 in Necromancy
  3335 | D:4      | Reached skill level 5 in Translocations
  3335 | D:4      | Reached skill level 5 in Transmutations
  3335 | D:4      | Reached skill level 5 in Fire Magic
  3335 | D:4      | Reached skill level 5 in Ice Magic
  3335 | D:4      | Reached skill level 5 in Air Magic
  3335 | D:4      | Reached skill level 5 in Earth Magic
  3335 | D:4      | Reached skill level 5 in Poison Magic
  3384 | D:4      | Found a burning altar of Makhleb.
  3517 | D:4      | Became a worshipper of Makhleb the Destroyer
  3644 | D:5      | Entered Level 5 of the Dungeon
  3712 | D:5      | Found a large runed translucent door.
  3713 | D:5      | Found a large runed translucent door.
  3715 | D:5      | Noticed bcImEvil's ghost (novice HuWn)
  3785 | D:5      | Noticed Sigmund
  3794 | D:5      | Killed Sigmund
  3795 | D:5      | Reached XP level 7. HP: 33/51 MP: 0/0
  3795 | D:5      | Learned a level 2 spell: Blink
  3892 | D:5      | Noticed Edmund
  3945 | D:5      | Reached skill level 4 in Fighting
  4365 | D:5      | Found an opulent altar of Gozag.
  4392 | D:5      | Reached skill level 6 in Spellcasting
  4392 | D:5      | Reached skill level 6 in Conjurations
  4392 | D:5      | Reached skill level 6 in Hexes
  4392 | D:5      | Reached skill level 6 in Summonings
  4392 | D:5      | Reached skill level 6 in Necromancy
  4392 | D:5      | Reached skill level 6 in Translocations
  4392 | D:5      | Reached skill level 6 in Transmutations
  4392 | D:5      | Reached skill level 6 in Fire Magic
  4392 | D:5      | Reached skill level 6 in Ice Magic
  4392 | D:5      | Reached skill level 6 in Air Magic
  4392 | D:5      | Reached skill level 6 in Earth Magic
  4392 | D:5      | Reached skill level 6 in Poison Magic
  4392 | D:5      | Reached XP level 8. HP: 50/58 MP: 0/0
  4514 | D:5      | Reached skill level 1 in Shields
  4634 | D:5      | Reached skill level 2 in Shields
  4961 | D:6      | Reached skill level 5 in Fighting
  4997 | D:6      | Found Cinkakh's Distillery.
  5006 | D:6      | Bought a potion of heal wounds for 60 gold pieces
  5083 | D:6      | Found a basalt altar of Yredelemnul.
  5117 | D:6      | Reached * piety under Makhleb
  5590 | D:6      | Identified the +10 quarterstaff of Evil {freeze, rElec rC+
                  | rCorr Str-5}
  5714 | D:6      | Reached skill level 3 in Shields
  5714 | D:6      | Reached XP level 9. HP: 59/65 MP: 0/0
  5714 | D:6      | Learned a level 3 spell: Call Canine Familiar
  6004 | D:7      | Found a flagged portal.
  6042 | Bailey   | Entered a bailey
  6114 | Bailey   | Noticed an orc warlord
  6211 | Bailey   | Reached skill level 7 in Spellcasting
  6211 | Bailey   | Reached skill level 7 in Conjurations
  6211 | Bailey   | Reached skill level 7 in Hexes
  6211 | Bailey   | Reached skill level 7 in Summonings
  6211 | Bailey   | Reached skill level 7 in Necromancy
  6211 | Bailey   | Reached skill level 7 in Translocations
  6211 | Bailey   | Reached skill level 7 in Transmutations
  6211 | Bailey   | Reached skill level 7 in Fire Magic
  6211 | Bailey   | Reached skill level 7 in Ice Magic
  6211 | Bailey   | Reached skill level 7 in Air Magic
  6211 | Bailey   | Reached skill level 7 in Earth Magic
  6211 | Bailey   | Reached skill level 7 in Poison Magic
  6477 | Bailey   | Found a runed translucent gate.
  6479 | Bailey   | Found a runed translucent gate.
  6481 | Bailey   | Found a runed translucent gate.
  6562 | Bailey   | Killed an orc warlord
  6563 | Bailey   | Reached skill level 6 in Fighting
  6563 | Bailey   | Reached skill level 4 in Shields
  6696 | Bailey   | Reached skill level 8 in Fighting
  6696 | Bailey   | Reached skill level 6 in Dodging
  6696 | Bailey   | Reached skill level 9 in Spellcasting
  6696 | Bailey   | Reached skill level 9 in Conjurations
  6696 | Bailey   | Reached skill level 9 in Hexes
  6696 | Bailey   | Reached skill level 9 in Summonings
  6696 | Bailey   | Reached skill level 9 in Necromancy
  6696 | Bailey   | Reached skill level 9 in Translocations
  6696 | Bailey   | Reached skill level 9 in Transmutations
  6696 | Bailey   | Reached skill level 9 in Fire Magic
  6696 | Bailey   | Reached skill level 9 in Ice Magic
  6696 | Bailey   | Reached skill level 9 in Air Magic
  6696 | Bailey   | Reached skill level 9 in Earth Magic
  6696 | Bailey   | Reached skill level 9 in Poison Magic
  6696 | Bailey   | Reached XP level 10. HP: 77/77 MP: 0/0
  6823 | D:7      | Reached skill level 10 in Spellcasting
  6823 | D:7      | Reached skill level 10 in Conjurations
  6823 | D:7      | Reached skill level 10 in Hexes
  6823 | D:7      | Reached skill level 10 in Summonings
  6823 | D:7      | Reached skill level 10 in Necromancy
  6823 | D:7      | Reached skill level 10 in Translocations
  6823 | D:7      | Reached skill level 10 in Transmutations
  6823 | D:7      | Reached skill level 10 in Fire Magic
  6823 | D:7      | Reached skill level 10 in Ice Magic
  6823 | D:7      | Reached skill level 10 in Air Magic
  6823 | D:7      | Reached skill level 10 in Earth Magic
  6823 | D:7      | Reached skill level 10 in Poison Magic
  7180 | D:7      | Noticed Maggie
  7298 | D:5      | Killed Edmund
  7299 | D:5      | Reached XP level 11. HP: 68/82 MP: 0/0
  7299 | D:5      | Learned a level 5 spell: Iskenderun's Battlesphere
  7375 | D:5      | Killed bcImEvil's ghost
  7565 | D:7      | Killed Maggie
  7565 | D:7      | Reached ** piety under Makhleb
  7566 | D:7      | Reached skill level 5 in Shields
  7945 | D:7      | Gained mutation: You are frail. (-10% HP) [potion of
                  | mutation]
  7945 | D:7      | Gained mutation: You possess an exceptional clarity of
                  | mind. [potion of mutation]
  7946 | D:7      | Lost mutation: You possess an exceptional clarity of mind.
                  | [potion of mutation]
  7946 | D:7      | Lost mutation: You are frail. (-10% HP) [potion of
                  | mutation]
  7946 | D:7      | Gained mutation: Your flesh is almost immune to the effects
                  | of heat. (rF+++) [potion of mutation]
  7946 | D:7      | Gained mutation: Your skin changes colour to match your
                  | surroundings (Stealth+). [potion of mutation]
  7950 | D:8      | Reached skill level 9 in Fighting
  8099 | D:8      | Reached skill level 7 in Dodging
  8281 | D:8      | Found a broken altar of Ashenzari.
  8953 | D:9      | Reached *** piety under Makhleb
  9004 | D:9      | Noticed Joseph
  9109 | D:9      | Noticed a two-headed ogre
  9116 | D:9      | Killed a two-headed ogre
  9120 | D:9      | Reached skill level 8 in Dodging
  9188 | D:9      | Reached skill level 11 in Spellcasting
  9188 | D:9      | Reached skill level 11 in Conjurations
  9188 | D:9      | Reached skill level 11 in Hexes
  9188 | D:9      | Reached skill level 11 in Summonings
  9188 | D:9      | Reached skill level 11 in Necromancy
  9188 | D:9      | Reached skill level 11 in Translocations
  9188 | D:9      | Reached skill level 11 in Transmutations
  9188 | D:9      | Reached skill level 11 in Fire Magic
  9188 | D:9      | Reached skill level 11 in Ice Magic
  9188 | D:9      | Reached skill level 11 in Air Magic
  9188 | D:9      | Reached skill level 11 in Earth Magic
  9188 | D:9      | Reached skill level 11 in Poison Magic
  9188 | D:9      | Reached XP level 12. HP: 90/91 MP: 0/0
  9267 | D:9      | Found a staircase to the Lair.
  9582 | D:9      | Killed Joseph
  9583 | D:9      | Reached skill level 10 in Fighting
  9626 | D:9      | Found a staircase to the Orcish Mines.
  9719 | D:10     | Entered Level 10 of the Dungeon
  9856 | D:10     | Reached **** piety under Makhleb
  9889 | D:10     | Reached skill level 2 in Stealth
  9889 | D:10     | Reached skill level 1 in Evocations
 10837 | D:11     | Reached skill level 2 in Evocations
 10916 | D:11     | Reached skill level 9 in Dodging
 10917 | D:11     | Reached skill level 3 in Stealth
 10957 | D:11     | Reached ***** piety under Makhleb
 10959 | D:11     | Reached skill level 3 in Evocations
 11628 | D:12     | Reached XP level 13. HP: 96/96 MP: 0/0
 11628 | D:12     | Learned a level 5 spell: Silence
 11632 | D:12     | Noticed Snorg
 11645 | D:12     | Killed Snorg
 11646 | D:12     | Reached skill level 4 in Stealth
 11763 | D:12     | Reached skill level 12 in Spellcasting
 11763 | D:12     | Reached skill level 12 in Conjurations
 11763 | D:12     | Reached skill level 12 in Hexes
 11763 | D:12     | Reached skill level 12 in Summonings
 11763 | D:12     | Reached skill level 12 in Necromancy
 11763 | D:12     | Reached skill level 12 in Translocations
 11763 | D:12     | Reached skill level 12 in Transmutations
 11763 | D:12     | Reached skill level 12 in Fire Magic
 11763 | D:12     | Reached skill level 12 in Ice Magic
 11763 | D:12     | Reached skill level 12 in Air Magic
 11763 | D:12     | Reached skill level 12 in Earth Magic
 11763 | D:12     | Reached skill level 12 in Poison Magic
 11775 | D:12     | Identified the +0 rapier "Yhum" {venom, rPois rF+++ rC-
                  | Dex+4}
 11795 | D:12     | Reached skill level 4 in Evocations
 11867 | D:12     | Noticed a fire dragon
 11883 | D:12     | Noticed a centaur warrior
 11885 | D:12     | Killed a fire dragon
 11885 | D:12     | Killed a centaur warrior
 11904 | D:12     | Reached skill level 10 in Dodging
 12179 | D:12     | Identified the ring of Xom's Capriciousness {Ice Will+
                  | Stlth+}
 12597 | Lair:1   | Entered Level 1 of the Lair of Beasts
 12894 | Lair:1   | Reached skill level 5 in Evocations
 12895 | Lair:1   | Reached skill level 5 in Stealth
 12927 | Lair:1   | Found a dark tunnel.
 12952 | Volcano  | Entered a volcano
 12970 | Volcano  | Reached skill level 1 in Armour
 13020 | Volcano  | Reached skill level 2 in Armour
 13216 | Volcano  | Slain by a skeletal warrior

Vanquished Creatures
  An orc warlord (Bailey)
  A fire dragon (D:12)
  Snorg (D:12)
  A centaur warrior (D:12)
  2 two-headed ogres (D:9 D:12)
  A boulder beetle (D:12)
  A skeletal warrior (Volcano)
  A lindwurm (Lair:1)
  A deep elf pyromancer (D:12)
  2 anaconda skeletons (Volcano)
  A salamander (shapeshifter) (D:12)
  The ghost of bcImEvil the Grave Robber, a novice HuWn (D:5)
  A cyclops (D:12)
  An ugly thing (D:12)
  2 alligator skeletons (Volcano)
  Joseph (D:9)
  A cane toad (Lair:1)
  5 gargoyles (D:12 Volcano)
  Maggie (D:7)
  5 kobold demonologists (D:8 D:10 D:12)
  A rime drake (D:9)
  2 unseen horrors (D:11 D:12)
  2 komodo dragons (Lair:1)
  7 trolls (D:11 D:12)
  3 harpy skeletons (Volcano)
  Sigmund (D:5)
  2 flying skulls (Volcano)
  A wraith (D:12)
  23 yaks (D:8 D:11 D:12 Lair:1)
  3 wyverns (D:9 D:10 D:11)
  A basilisk (D:12)
  11 vampire mosquitoes (D:10 D:11 D:12)
  Edmund (D:5)
  3 acid dragons (D:9 D:12)
  4 water moccasins (D:6 D:7 D:8 D:9)
  4 ice beasts (D:9)
  9 orc warriors (Bailey D:8 D:9)
  A sky beast (D:7)
  4 wolves (D:9)
  An ogre (D:4)
  4 centaurs (D:5 D:10 D:11)
  13 kobold brigands (D:9 D:10)
  A phantom (D:5)
  3 bullfrogs (D:7 D:8)
  2 gnoll sergeants (D:9 D:11)
  A scorpion (D:5)
  18 wights (D:5 D:7 D:8 D:9 D:10)
  9 killer bees (D:8 D:9)
  A spriggan skeleton (Volcano)
  A troll skeleton (Volcano)
  A jelly (D:6)
  4 hounds (D:5 D:6 D:7)
  3 orc priests (D:6 D:9)
  Jessica (D:2)
  6 iguanas (D:5 D:6 D:7)
  5 orc wizards (D:9)
  A naga skeleton (Volcano)
  Robin (D:4)
  8 adders (D:2 D:3 D:4 D:5 D:6)
  16 gnolls (D:6 Bailey D:9 D:11)
  2 shadow imps (D:6 D:7)
  A worm (D:3)
  A dart slug (D:1)
  35 orcs (D:3 D:6 Bailey D:7 D:8)
  9 ball pythons (D:1 D:2 D:3)
  7 bats (D:1 D:2 D:3)
  7 endoplasms (D:1 D:2 D:3 D:4)
  3 giant cockroaches (D:1 D:3 D:4)
  21 goblins (D:1 D:2 D:3 D:4 D:7)
  12 hobgoblins (D:1 D:2 D:4 Bailey)
  2 jackals (D:1)
  30 kobolds (D:1 D:2 D:3 D:4 Bailey)
  4 quokkas (D:1 D:4 D:5)
  3 training dummies (D:4)
  3 frilled lizards (D:1)
  6 rats (D:1 D:3)
360 creatures vanquished.

Vanquished Creatures (collateral kills)
  A basilisk (D:12)
1 creature vanquished.

Vanquished Creatures (others)
  140 fulminant prisms (Bailey D:7 D:5 D:8 D:9)
140 creatures vanquished.

Grand Total: 501 creatures vanquished

Table legend: (Time is in decaauts)
 A = Elapsed time spent in this place.
 B = Non-inter-level travel time spent in this place.
 C = Inter-level travel time spent in this place.
 D = Time resting spent in this place.
 E = Time spent auto-exploring this place.
 F = Levels seen in this place.
 G = Mean time per level.
                   A        B        C        D        E       F      G
               +--------+--------+--------+--------+--------+-----+--------+
         Total |  13275 |  12383 |    892 |   1036 |   8404 |  16 |  829.7 |
       Dungeon |  11989 |  11166 |    823 |    726 |   8369 |  12 |  999.1 |
        Temple |      1 |      1 |      0 |      0 |      0 |   1 |    1.0 |
          Lair |    353 |    284 |     69 |      0 |      0 |   1 |  353.0 |
        Bailey |    666 |    666 |      0 |    292 |     35 |   1 |  666.0 |
       Volcano |    263 |    263 |      0 |     18 |      0 |   1 |  263.0 |
               +--------+--------+--------+--------+--------+-----+--------+

Top non-repeatable levels by time:
     D:5: 1450 daAuts
     D:7: 1114 daAuts
    D:12: 1079 daAuts
     D:6: 1054 daAuts
     D:1: 1051 daAuts
     D:4: 1006 daAuts
     D:9: 955 daAuts
    D:10: 932 daAuts
     D:2: 922 daAuts
     D:8: 856 daAuts
    D:11: 840 daAuts
     D:3: 724 daAuts
  Bailey: 666 daAuts
  Lair:1: 353 daAuts
 Volcano: 263 daAuts

Table legend:
 A = Non-vault XP
 B = Vault XP
 C = Vault XP percentage of total XP
 D = Non-vault monster count
 E = Vault monster count
 F = Vault count percentage of total count
                 A         B        C        D         E       F
            +---------+---------+-------+---------+---------+-------
      Total |   19624 |   21222 |  52.0 |     239 |     122 |  33.8
            +---------+---------+-------+---------+---------+-------
        D:1 |      54 |       0 |   0.0 |      32 |       0 |   0.0
        D:2 |      32 |      37 |  53.6 |      11 |       1 |   8.3
        D:3 |      41 |       3 |   6.8 |      15 |       2 |  11.8
        D:4 |     144 |      43 |  23.0 |       8 |      15 |  65.2
        D:5 |     883 |     960 |  52.1 |      16 |       3 |  15.8
        D:6 |     529 |       0 |   0.0 |      20 |       0 |   0.0
        D:7 |     819 |     397 |  32.6 |      15 |       5 |  25.0
        D:8 |    3216 |       0 |   0.0 |      34 |       0 |   0.0
        D:9 |    2455 |    2507 |  50.5 |      33 |      24 |  42.1
       D:10 |    1347 |    1541 |  53.4 |      10 |      18 |  64.3
       D:11 |    4899 |       0 |   0.0 |      28 |       0 |   0.0
       D:12 |    3267 |    7405 |  69.4 |      10 |      15 |  60.0
     Lair:1 |    1938 |     611 |  24.0 |       7 |       1 |  12.5
     Bailey |       0 |    1581 | 100.0 |       0 |      21 | 100.0
    Volcano |       0 |    6137 | 100.0 |       0 |      17 | 100.0
            +---------+---------+-------+---------+---------+-------
